Map: Rainfall LE

Players

Lambo

  • Race: Zerg Zerg
  • League: Grandmaster

A.I. 1 (Very Easy) - Winner!

  • Race: Zerg Zerg

VOD

Have the link to the VOD?

Description

Time

  • Played on: June 27, 2026, 2:59 a.m.
  • Length: 8:49
Show
View Real Time Build Order
Export as new Build Order

Lambo Zerg 

Build Orders: Pool First 

Get SALT Encoding   

  8  0:00  Drone  
  9  0:12  Drone  
  10  0:16  Drone  
  11  0:22  Drone  
  12  0:32  Overlord  
  12  0:41  Extractor, Drone  
  13  0:51  Drone x2  
  15  1:00  Drone  
  16  1:06  Spawning Pool  
  15  1:11  Drone  
  16  1:18  Drone  
  17  1:35  Hatchery  
  17  1:38  Drone  
  17  1:39  Extractor  
  16  1:43  Drone  
  17  1:54  Queen  
  19  2:01  Overlord  
  19  2:05  Drone  
  20  2:19  Drone x2  
  22  2:26  Drone  
  23  2:30  Queen  
  23  2:36  Drone  
  26  2:45  Overlord  
  26  2:47  Queen  
  26  2:50  Drone  
  29  2:53  Drone  
  30  2:59  Drone  
  30  3:01  Drone  
  30  3:04  Drone x2  
  34  3:06  Drone  
  34  3:10  Drone  
  36  3:14  Overlord  
  36  3:18  Drone  
  37  3:22  Lair  
  37  3:26  Evolution Chamber  
  37  3:27  Drone  
  37  3:34  Roach Warren  
  37  3:35  Drone  
  37  3:41  Drone x2  
  39  3:42  Drone  
  39  3:43  Drone  
  39  3:45  Drone  
  42  3:49  Drone x2  
  42  3:53  Evolution Chamber  
  43  3:56  Zerg Missile Weapons Level 1  
  43  3:59  Drone  
  43  4:01  Drone  
  45  4:03  Overlord  
  45  4:06  Extractor  
  45  4:07  Extractor, Drone  
  45  4:08  Drone  
  45  4:12  Drone x2  
  45  4:15  Drone  
  45  4:17  Overlord  
  48  4:24  Overseer  
  48  4:26  Overlord  
  48  4:32  Overlord, Glial Reconstitution  
  48  4:35  Roach  
  52  4:38  Roach  
  52  4:41  Roach  
  52  4:44  Roach  
  56  4:47  Roach  
  56  4:50  Roach  
  60  4:54  Roach  
  62  5:00  Roach  
  62  5:01  Roach  
  62  5:06  Hatchery, Roach  
  62  5:07  Roach  
  69  5:10  Roach  
  69  5:13  Roach  
  73  5:16  Roach  
  73  5:17  Overlord  
  73  5:19  Overlord  
  75  5:21  Roach  
  75  5:24  Roach  
  79  5:36  Roach x2  
  79  5:37  Drone x4  
  79  5:38  Drone  
  79  5:42  Extractor  
  87  5:43  Drone  
  87  5:45  Drone  
  89  5:50  Zerg Missile Weapons Level 2  
  89  5:52  Drone x3  
  89  5:53  Drone  
  89  5:57  Overlord  
  93  6:03  Drone x3  
  96  6:04  Zerg Ground Armor Level 1  
  96  6:07  Overlord  
  96  6:11  Overlord  
  96  6:18  Drone x3  
  99  6:21  Extractor  
  99  6:22  Drone  
  99  6:23  Drone  
  99  6:24  Overlord  
  99  6:25  Roach  
  102  6:29  Roach x2  
  110  6:32  Roach  
  110  6:33  Roach  
  110  6:34  Roach  
  112  6:40  Overlord  
  112  6:41  Ravager x3  
  112  6:42  Ravager  
  112  6:45  Roach  
  112  6:46  Overlord  
  118  6:48  Roach  
  118  6:50  Roach  
  118  6:53  Roach x2  
  126  6:56  Roach  
  126  6:57  Roach  
  126  7:00  Roach x2  
  134  7:02  Roach  
  134  7:03  Overlord  
  134  7:05  Roach  
  134  7:07  Roach  
  140  7:09  Roach  
  140  7:11  Roach  
  140  7:12  Roach  
  140  7:13  Overlord  
  146  7:18  Roach  
  146  7:22  Roach x3  
  154  7:27  Roach  
  154  7:28  Overlord x2  
  156  7:31  Overlord  
  156  7:34  Overlord  
  156  7:35  Roach  
  158  7:41  Roach x3  
  158  7:43  Overlord  
  164  7:45  Overlord  
  164  7:53  Ravager  
  164  7:54  Ravager x2, Roach  
  164  7:55  Roach x3  
  164  7:57  Roach  
  177  8:01  Ravager  
  177  8:02  Roach  
  177  8:03  Roach  
  182  8:07  Roach x2  
  182  8:10  Roach x2  
  192  8:13  Roach  
  192  8:14  Roach  
  192  8:19  Roach x3  
  200  8:21  Overlord  
  200  8:43  Extractor  
Show
View Real Time Build Order
Export as new Build Order

A.I. 1 (Very Easy) Zerg - Winner!

Build Orders: Pool First 

Get SALT Encoding   

  8  0:01  Drone  
  9  0:10  Drone  
  10  0:18  Drone  
  11  0:25  Drone  
  12  0:33  Overlord  
  12  0:51  Drone  
  13  0:58  Drone  
  13  1:03  Spawning Pool  
  13  1:04  Extractor  
  13  1:08  Drone  
  13  1:15  Drone  
  14  1:21  Overlord  
  14  1:50  Queen, Zergling x2  
  17  2:02  Roach Warren  
  17  2:05  Drone  
  17  2:10  Extractor  
  17  2:14  Drone  
  17  2:18  Zergling x2  
  18  2:32  Drone  
  19  2:45  Overlord  
  19  2:46  Zergling x2  
  19  2:51  Drone  
  21  2:58  Drone  
  22  3:05  Drone  
  23  3:12  Drone  
  24  3:14  Roach  
  24  3:19  Drone  
  27  7:20  Drone  
  27  7:21  Roach, Lair  
  27  7:22  Overlord  
  30  7:28  Drone  
  30  7:29  Hatchery  
  30  7:35  Drone  
  31  7:42  Drone  
  32  7:49  Drone  
  32  7:57  Drone  
  33  7:58  Roach  
  33  8:04  Drone  
  32  8:22  Overseer x2  
  31  8:27  Roach  
  31  8:33  Drone  
Tags
 
Add a new tag
Caveats
  • Supply blocks, unpowered buildings, or Contaminate may cause inaccurate times.
  • Supply counts are checked every 10 seconds.